 Dungeon Crawl Stone Soup version 0.25-a0-930-g9f5dfa9815 (webtiles) character file.

Game seed: 7305009572716231250, levelgen mode: deterministic

1462 Flugkiller the Fighter (level 8, -6/74 HPs)
             Began as a Ghoul Hunter on May 3, 2020.
             Was a Follower of Uskayaw.
             Shot with a sling bullet by Joseph (11 damage)
             ... on level 7 of the Dungeon.
             The game lasted 00:15:16 (9259 turns).

Flugkiller the Fighter (Ghoul Hunter)               Turns: 9259, Time: 00:15:17

Health: -6/74      AC: 10    Str: 17    XL:     8   Next: 77%
Magic:  7/7        EV:  7    Int:  6    God:    Uskayaw [*.....]
Gold:   193        SH:  0    Dex: 10    Spells: 7/7 levels left

rFire    + . .     SeeInvis .   B - +0 great sword
rCold    + . .     Gourm    .   (shield currently unavailable)
rNeg     + + +     Faith    .   x - +1 chain mail {rF+}
rPois    ∞         Spirit   .   (no helmet)
rElec    .         Reflect  .   (no cloak)
rCorr    .         Harm     .   (no gloves)
MR       .....                  (no boots)
Stlth    ..........             (no amulet)
HPRegen  0.00/turn              t - ring of stealth
MPRegen  0.10/turn              (no ring)

@: rotting
A: rotting body, claws 1, carnivore, cold resistance 1, negative energy
resistance 3, inhibited regeneration, torment resistance, unbreathing
a: Stomp, Renounce Religion


You were on level 7 of the Dungeon.
You worshipped Uskayaw.
Uskayaw was noncommittal.
You were not hungry.

You visited 2 branches of the dungeon, and saw 8 of its levels.

You collected 343 gold pieces.
You spent 150 gold pieces at shops.

Inventory:

Hand Weapons
 B - a +0 great sword (weapon)
   (You found it on level 7 of the Dungeon)
Missiles
 b - a silver boomerang
 d - a throwing net
 g - 11 boomerangs
 l - 5 javelins (quivered)
 p - 83 poisoned darts
Armour
 a - a +0 pair of boots
   (You found it on level 7 of the Dungeon)
 x - a +1 chain mail of fire resistance (worn)
   (You took it off an orc on level 4 of the Dungeon)
 y - a +0 tower shield
   (You found it on level 6 of the Dungeon)
Jewellery
 t - a ring of stealth (left claw)
   (You found it on level 3 of the Dungeon)
Wands
 A - a wand of iceblast (5)
   (You took it off an orc priest on level 6 of the Dungeon)
Scrolls
 e - 3 scrolls of enchant armour
 h - 2 scrolls of teleportation
 j - 4 scrolls of remove curse
 k - a scroll of blinking {unknown}
 o - a scroll of fear
 q - 2 scrolls of random uselessness {unknown}
 r - a scroll of fog
 s - a scroll of amnesia {unknown}
 w - 5 scrolls of enchant weapon
Potions
 c - a potion of magic {unknown}
 i - 3 potions of ambrosia
 m - 3 potions of stabbing
 n - a potion of might
 u - 3 potions of curing
 v - a potion of degeneration {unknown}
 z - a potion of haste
Comestibles
 f - 12 rations


   Skills:
 - Level 8.0 Fighting
 + Level 6.9 Throwing
 - Level 4.0 Armour
 - Level 1.7 Dodging
 - Level 1.1 Stealth


You had 7 spell levels left.
You didn't know any spells.
Your spell library contained the following spells:

 Spells                   Type           Power        Failure   Level  Hunger
 Animate Skeleton         Necr           N/A          100%        1    ##.....
 Pain                     Necr           #...         100%        1    ##.....
 Vampiric Draining        Necr           #.........   100%        3    ####...
 Animate Dead             Necr           N/A          100%        4    #####..
 Agony                    Necr           #.......     100%        5    ######.


Dungeon Overview and Level Annotations

Branches:
Dungeon (7/15)             Temple (1/1) D:7

Altars:
Ashenzari
Cheibriados
Dithmenos
Elyvilon
Gozag
Makhleb
Okawaru
Qazlal
Ru
Trog
Uskayaw
Wu Jian
Xom
Yredelemnul
Zin

Shops:
D:4 ![:   D:5 (

Annotations:
D:7 Joseph


Innate Abilities, Weirdness & Mutations

Your body is rotting away.
You thrive on raw meat.
You are immune to poison.
You have sharp fingernails.
You are carnivorous and can eat meat at any time.
Your flesh is cold resistant. (rC+)
You are immune to negative energy. (rN+++)
You do not regenerate when monsters are visible.
You are immune to unholy pain and torment.
You can survive without breathing.


Message History

Throwing (i - inventory. (/) - cycle)
d - 2 throwing nets (quivered)
Press: ? - help, Shift-Dir - straight line, f - Joseph
Aim: Joseph, wielding a +0 quarterstaff, wearing a +0 leather armour and quivering 16 sling bullets (heavily wounded, fast, very poisoned)
You throw a throwing net. The throwing net hits Joseph.
Joseph is caught in the net!
Joseph is heavily wounded.
Joseph shouts, "At last, some action!"
Joseph struggles against the net.
Unknown command.
Quiver which item? (- for none, * to show all) (? for menu, Esc to quit)
Quivering
l - 7 javelins for throwing.
Throwing (i - inventory. (/) - cycle)
l - 7 javelins (quivered)
Press: ? - help, Shift-Dir - straight line, f/p - Joseph
Aim: Joseph, wielding a +0 quarterstaff, wearing a +0 leather armour and quivering 16 sling bullets (heavily wounded, fast, very poisoned, entangled in a net)
You throw a javelin.
The javelin pierces through Joseph but does no damage.
Joseph is heavily wounded.
Joseph struggles against the net.
Throwing (i - inventory. (/) - cycle)
l - 6 javelins (quivered)
Press: ? - help, Shift-Dir - straight line, f/p - Joseph
Aim: Joseph, wielding a +0 quarterstaff, wearing a +0 leather armour and quivering 16 sling bullets (heavily wounded, fast, very poisoned, entangled in a net)
You throw a javelin. The javelin barely misses Joseph.
Joseph says, "You will never get the ORB, sorry."
Joseph struggles against the net. x2
Your chain mail prevents you from hitting Joseph.
Joseph is heavily wounded.
Joseph struggles against the net.
The net rips apart, and Joseph comes free!
Joseph hits you with a +0 quarterstaff.
* * * LOW HITPOINT WARNING * * *
You feel better. Joseph hits you with a +0 quarterstaff.
* * * LOW HITPOINT WARNING * * *
An orc comes into view. It is wielding a +0 dagger.
An orc warrior comes into view. It is wielding a +0 halberd.
Joseph hits you with a +0 quarterstaff!
* * * LOW HITPOINT WARNING * * *
As you read the scroll of fear, it crumbles to dust.
You assume a fearsome visage.
Joseph looks frightened!
The orc looks frightened!
The orc warrior looks frightened!
Unknown command.
Joseph unwields a +0 quarterstaff.
Joseph wields a +0 hunting sling.
Joseph shoots a sling bullet.
The sling bullet hits you!
* * * LOW HITPOINT WARNING * * *
You see here a sling bullet.
As you read the scroll of fog, it crumbles to dust.
The scroll dissolves into smoke.
Joseph shoots a sling bullet.
The sling bullet barely misses you.
A worker ant comes into view.
Joseph shoots a sling bullet.
The sling bullet hits you!
You die...

#.# .. ###(#####a#
#.........#
#@#..#..###
##(##.##.## ≈.
###.........###≈
#......)........
....#..⌠.§§§..#.#
###.#....§@§..#.#
#......§.§....#
#.#......(..### #
#.#..⌠...⌠..######...
#....................
#.
###.........#..###..
# #. ##)##.##.###.#
#.##.## #.
#.##.###.####.#
##.#...## #.
#.....|.>.....#


You could see Joseph and a worker ant (wandering).

Vanquished Creatures
  An orc warrior (D:5)
  A sky beast (D:3)
  2 ice beasts (D:6)
  2 ogres (D:6)
  2 centaurs (D:5)
  3 scorpions
  A centaur zombie (D:6)
  A jelly (D:6)
  2 orc priests
  2 hounds (D:4)
  2 bullfrog skeletons
  6 orc wizards
  4 worker ants
  4 adders
  3 worms
  A dart slug (D:1)
  6 leopard geckos
  14 orcs
  9 bats
  3 giant cockroaches
  11 goblins
  6 hobgoblins
  5 jackals
  2 quokkas
  2 ball pythons
  2 frilled lizards
  11 kobolds
  6 rats
114 creatures vanquished.

Notes
Turn   | Place    | Note
-------+----------+-------------------------------------------
     0 | D:1      | Flugkiller the Ghoul Hunter began the quest for the Orb.
     0 | D:1      | Reached XP level 1. HP: 17/17 MP: 0/0
   109 | D:1      | Reached XP level 2. HP: 25/25 MP: 1/1
   171 | D:1      | Reached skill level 3 in Fighting
   711 | D:1      | Reached XP level 3. HP: 16/33 MP: 2/2
   911 | D:1      | Reached skill level 4 in Fighting
  1428 | D:2      | HP: 1/33 [adder (2)]
  1437 | D:2      | Reached XP level 4. HP: 7/40 MP: 3/3
  1872 | D:2      | Noticed a phantom
  2967 | D:3      | Noticed a sky beast
  3038 | D:3      | Killed a sky beast
  3038 | D:3      | Reached skill level 5 in Fighting
  3038 | D:3      | Reached XP level 5. HP: 15/46 MP: 4/4
  3760 | D:3      | Found a shadowy altar of Dithmenos.
  3928 | D:4      | Reached skill level 6 in Fighting
  3992 | D:4      | Reached XP level 6. HP: 57/57 MP: 5/5
  4159 | D:4      | Found Baerip's Book Shoppe.
  4197 | D:4      | Found Coufou's Armour Shop.
  4378 | D:4      | Reached skill level 5 in Throwing
  4833 | D:4      | Found Usiuptor's Distillery.
  4841 | D:4      | Bought a potion of heal wounds for 50 gold pieces
  4841 | D:4      | Bought a potion of haste for 100 gold pieces
  4992 | D:5      | Entered Level 5 of the Dungeon
  5314 | D:4      | Reached XP level 7. HP: 9/63 MP: 6/6
  5771 | D:5      | Reached skill level 1 in Armour
  6077 | D:5      | Found Katsiy's Weapon Boutique.
  7351 | D:5      | Reached XP level 8. HP: 38/70 MP: 7/7
  7797 | D:6      | Reached skill level 7 in Fighting
  8217 | D:6      | Identified the cursed +0 mace of Trog's Whim {vorpal,
                  | Dex+4}
  8282 | D:6      | Reached skill level 8 in Fighting
  8484 | D:6      | Found Lycupn's Armour Shop.
  9027 | D:7      | Found a staircase to the Ecumenical Temple.
  9039 | Temple   | Entered the Ecumenical Temple
  9146 | Temple   | Became a worshipper of Uskayaw the Reveler
  9234 | D:7      | Noticed Joseph
  9249 | D:7      | Reached * piety under Uskayaw
  9259 | D:7      | Shot with a sling bullet by Joseph

Levels and vault maps discovered:
D:1:      dpeg_arrival_three_bigger_balls, layout_loops_ring
D:2:      layout_basic, uniq_jessica
D:3:      layout_basic, serial_curves, eino_curves_02, eino_curves_04,
          nicolae_dithmenos_through_a_glass_darkly
D:4:      layout_cave_pools, first_ration, serial_shops, shop_statue, shop,
          nicolae_shop_temple_entry_statues_fountains, minmay_cupped
D:5:      layout_rooms, serial_shops, kennysheep_mini
D:6:      layout_layer_cave, serial_shops, nicolae_shop_waterfront,
          kennysheep_another_room
D:7:      layout_loops_ring, minmay_temple_entry_large_hall, serial_rivers,
          chequers_serial_rivers_small_b, chequers_serial_rivers_large_b,
          chequers_serial_rivers_micro_d, chequers_serial_rivers_micro_d,
          chequers_serial_rivers_small_3, chequers_serial_rivers_room_b,
          uniq_joseph, uniq_maggie
Temple:   dpeg_five_rooms_temple

Skill      XL: |  1  2  3  4  5  6  7  8 |
---------------+-------------------------+-----
Fighting       | 3 4 5 6 8 |  8.0
Throwing       | 4 5 6 |  6.9
Armour         | 4 |  4.0
Dodging        | |  1.7
Stealth        | |  1.1

Action                   |  1- 3 |  4- 6 |  7- 9 || total
-------------------------+-------+-------+-------++-------
Melee: Short sword       |   157 |   203 |   202 ||   562
       Great sword       |       |       |     3 ||     3
Throw: Javelin           |    16 |    11 |     9 ||    36
       Dart              |       |    42 |    84 ||   126
       Boomerang         |       |       |    33 ||    33
       Throwing net      |       |       |     1 ||     1
Evoke: Wand              |       |       |     2 ||     2
  Use: Scroll            |       |    11 |     4 ||    15
       Potion            |       |       |     2 ||     2
 Stab: Distracted        |     1 |       |       ||     1
       Sleeping          |       |     2 |       ||     2
  Eat: Chunk             |    10 |    14 |     9 ||    33
       Ration            |       |       |     1 ||     1
Armor: Leather armour    |    71 |    51 |     1 ||   123
       Chain mail        |       |       |   129 ||   129
Dodge: Dodged            |   136 |   131 |    84 ||   351

Table legend:
 A = Non-vault XP
 B = Vault XP
 C = Vault XP percentage of total XP
 D = Non-vault monster count
 E = Vault monster count
 F = Vault count percentage of total count
                 A         B        C        D         E       F
            +---------+---------+-------+---------+---------+-------
      Total |    2021 |      68 |   3.3 |     112 |       2 |   1.8
            +---------+---------+-------+---------+---------+-------
        D:1 |      67 |       0 |   0.0 |      38 |       0 |   0.0
        D:2 |      40 |       0 |   0.0 |      14 |       0 |   0.0
        D:3 |     199 |       0 |   0.0 |      11 |       0 |   0.0
        D:4 |     314 |      68 |  17.8 |      20 |       2 |   9.1
        D:5 |     622 |       0 |   0.0 |      16 |       0 |   0.0
        D:6 |     779 |       0 |   0.0 |      13 |       0 |   0.0
            +---------+---------+-------+---------+---------+-------
